 Dungeon Crawl Stone Soup version 0.19.0-19-g8c6edcc (webtiles) character file.

187 Melicamp the Chopper (level 5, -5/41 HPs)
             Began as a Vampire Gladiator on Nov 13, 2016.
             Slain by zkyp's ghost (7 damage)
             ... on level 4 of the Dungeon.
             The game lasted 00:21:08 (6104 turns).

Melicamp the Chopper (Vampire Gladiator)            Turns: 6104, Time: 00:21:09

Health: -5/41      AC:  8    Str: 15    XL:     5   Next: 39%
Magic:  5/5        EV: 12    Int: 11    God:
Gold:   157        SH:  0    Dex: 14    Spells: 0 memorised, 4 levels left

rFire  . . .     SeeInvis +       - Unarmed
rCold  + . .     Gourm    .     i - +0 ring mail
rNeg   + + .     Faith    .     (no shield)
rPois  +         Spirit   .     c - +0 helmet
rElec  .         Reflect  .     m - +1 cloak
rCorr  .         Harm     .     (no gloves)
MR     .....                    (no boots)
Stlth  ++........               (no amulet)
                                (no ring)
                                (no ring)

@: regenerating slowly
A: fangs 3, see invisible, unbreathing
a: Bat Form


You were on level 4 of the Dungeon.
You were thirsty.

You visited 1 branch of the dungeon, and saw 4 of its levels.

You collected 157 gold pieces.

Inventory:

Missiles
 d - 3 throwing nets (quivered)
Armour
 c - a +0 helmet (worn)
 i - a +0 ring mail (worn)
 m - a +1 cloak (worn)
Scrolls
 h - 2 scrolls of remove curse
Potions
 a - a potion of cure mutation {unknown}
 b - 2 potions of brilliance
 e - 4 potions of blood
 f - a potion of might
 g - 2 potions of curing {unknown}
 j - a potion of lignification
 k - 4 potions of heal wounds {unknown}
Books
 l - a book of Changes

   Spells                             Type                      Level
   a - Beastly Appendage              Transmutation                1
   b - Sticks to Snakes               Transmutation                2
   c - Spider Form                    Transmutation/Poison         3
   d - Ice Form                       Ice/Transmutation            4
   e - Blade Hands                    Transmutation                5


   Skills:
 - Level 3.0 Fighting
   Level 4.1 Axes
 - Level 1.5 Throwing
 - Level 3.2 Dodging
 * Level 3.0 Unarmed Combat


You had 4 spell levels left.
You didn't know any spells.

Dungeon Overview and Level Annotations

Branches:
Dungeon (4/15)
 Temple: D:4-7

Altars:
Elyvilon

Annotations:
D:4 zkyp's ghost, amateur CeWr


Innate Abilities, Weirdness & Mutations

You heal slowly.
You have razor-sharp teeth.
You have supernaturally acute eyesight. (SInv)
You can survive without breathing.


Message History

You bite zkyp's ghost, but do no damage.
Zkyp's ghost is moderately damaged.
Zkyp's ghost hits you but does no damage.
You hit zkyp's ghost but do no damage.
Zkyp's ghost is moderately damaged.
Zkyp's ghost hits you but does no damage.
You hit zkyp's ghost but do no damage.
Zkyp's ghost is moderately damaged.
Zkyp's ghost barely misses you.
You barely miss zkyp's ghost.
Zkyp's ghost is moderately damaged.
Zkyp's ghost hits you.
* * * LOW HITPOINT WARNING * * *
You hit zkyp's ghost but do no damage.
Zkyp's ghost is moderately damaged.
Zkyp's ghost closely misses you.
You hit zkyp's ghost.
Zkyp's ghost is moderately damaged.
Zkyp's ghost hits you!
You die...

..# ..# ..#......(.
#.#.........#
#.#.........#
#.#.........
#.#........#
#@#........#
#W#........♣♣ ♣♣
#l'l.......[♣♣ ♣♣.
###..........♣♣♣..
#%....≈≈≈...♣...
#....≈≈≈≈≈.....≈
##...≈≈♣≈≈.....≈
#.......?≈≈≈≈≈.....≈
#.........≈≈≈...♣...


You could see an iguana and zkyp's ghost.

Vanquished Creatures
  An orc priest (D:3)
  An iguana (D:4)
  A gnoll (D:2)
  3 adders
  An ooze (D:1)
  4 worms
  A leopard gecko (D:1)
  3 orcs (D:3)
  7 bats
  4 giant cockroaches
  8 goblins
  10 hobgoblins
  8 jackals
  3 quokkas
  5 frilled lizards
  8 kobolds
  6 rats
74 creatures vanquished.

Notes
Turn   | Place    | Note
-------+----------+-------------------------------------------
     0 | D:1      | Melicamp the Vampire Gladiator began the quest for the Orb.
     0 | D:1      | Reached XP level 1. HP: 16/16 MP: 1/1
   234 | D:1      | Reached skill level 3 in Axes
   246 | D:1      | Reached XP level 2. HP: 18/22 MP: 2/2
   866 | D:1      | Reached XP level 3. HP: 28/28 MP: 3/3
  3026 | D:2      | Reached XP level 4. HP: 26/34 MP: 4/4
  3205 | D:2      | Reached skill level 4 in Axes
  4136 | D:3      | Reached skill level 1 in Unarmed Combat
  4746 | D:3      | Reached XP level 5. HP: 20/41 MP: 5/5
  6041 | D:4      | Found a white marble altar of Elyvilon.
  6074 | D:4      | Noticed zkyp's ghost (amateur CeWr)
  6102 | D:4      | HP: 2/41 [zkyp's ghost (3)]
  6104 | D:4      | Slain by zkyp's ghost

Skill      XL: |  1  2  3  4  5 |
---------------+----------------+-----
Fighting       | 2 3 |  3.0
Axes           | 3 4 |  4.1
Unarmed Combat | 2 3 |  3.0
Throwing       | |  1.5
Dodging        | |  3.2

Action                   |  1- 3 |  4- 6 || total
-------------------------+-------+-------++-------
Melee: War axe           |   135 |    38 ||   173
       Bite              |    10 |    20 ||    30
       Unarmed           |       |   170 ||   170
Throw: Throwing net      |     2 |       ||     2
  Use: Scroll            |     4 |     7 ||    11
       Potion            |     3 |     7 ||    10
 Stab: Sleeping          |     2 |     2 ||     4
Armor: Leather armour    |    12 |       ||    12
       Ring mail         |    21 |    78 ||    99
Dodge: Dodged            |   103 |   114 ||   217
